 Dungeon Crawl Stone Soup version 0.28.0-53-g5a82cb258f (webtiles) character file.

Game seed: 5727039979701421038

36111 Zeld the Severer (level 13, -6/128 HPs)
             Began as a Minotaur Berserker on June 12, 2022.
             Was a High Priest of Trog.
             Mangled by a 14-headed hydra (11 damage)
             ... on level 5 of the Lair of Beasts.
             The game lasted 00:16:45 (20223 turns).

Zeld the Severer (Minotaur Berserker)              Turns: 20223, Time: 00:16:46

Health: -6/128     AC: 23    Str: 27    XL:     13   Next: 51%
Magic:  6/12       EV: 12    Int:  8    God:    Trog [*****.]
Gold:   808        SH:  0    Dex: 10    Spells: 12/12 levels left

rFire   . . .      SeeInvis +   a - +1 broad axe
rCold   . . .      Faith    .   (no shield)
rNeg    + + .      Spirit   .   b - +8 chain mail of Zin's Favour {rN+ Regen+ Int+4 SInv}
rPois   .          Reflect  .   (helmet restricted)
rElec   .          Harm     .   (no cloak)
rCorr   +          Rampage  .   m - +0 pair of gloves
Will    ++...                   u - +0 pair of boots
Stlth   ..........              (no amulet)
HPRegen 2.11/turn               E - ring of resist corrosion
MPRegen 0.13/turn               K - ring of positive energy

@: strong-willed, regenerating
A: horns 2, retaliatory headbutt
a: Renounce Religion, Berserk, Trog's Hand, Brothers in Arms


You were on level 5 of the Lair of Beasts.
You worshipped Trog.
Trog was extremely pleased with you.
You visited 3 branches of the dungeon, and saw 17 of its levels.
You also visited: Ossuary.

You collected 808 gold pieces.

Inventory:

Hand Weapons
 a - a +1 broad axe (weapon)
 g - the +7 battleaxe of Buistrew {antimagic, rC+ rCorr}
   (Trog gifted it to you on level 3 of the Lair of Beasts)

   It reduces the magical energy of the wielder, and disrupts the spells and
   magical abilities of those it strikes.
   Natural abilities and divine invocations are not affected.
   rC:        It protects you from cold.
   rCorr:     It protects you from acid and corrosion.
 o - a +0 hand axe of flaming
Armour
 b - the +8 chain mail of Zin's Favour (worn) {rN+ Regen+ Int+4 SInv}
   (You found it on level 7 of the Dungeon)

   Int:       It affects your intelligence (+4).
   rN:        It protects you from negative energy.
   SInv:      It lets you see invisible.
   Regen:     It increases your rate of health regeneration.
 m - a +0 pair of gloves (worn)
 u - a +0 pair of boots (worn)
 F - a +0 plate armour
Jewellery
 E - a ring of resist corrosion (left hand)
 K - a ring of positive energy (right hand)
Wands
 h - a wand of flame (24)
 p - a wand of acid (7)
 r - a wand of mindburst (23)
 y - a wand of paralysis (10)
 B - a wand of polymorph (6)
 C - a wand of charming (5)
Scrolls
 e - 4 scrolls of blinking
 i - 2 scrolls of magic mapping
 k - 2 scrolls of holy word
 q - 3 scrolls of enchant armour
 s - 3 scrolls of teleportation
 t - 2 scrolls of fog
 G - a scroll of fear
 H - a scroll of enchant weapon
 I - a scroll of silence {unknown}
Potions
 c - 4 potions of lignification {unknown}
 d - 7 potions of curing
 f - 3 potions of cancellation {unknown}
 j - 4 potions of attraction {unknown}
 l - 13 potions of degeneration
 v - a potion of brilliance {unknown}
 w - 2 potions of ambrosia {unknown}
 x - 2 potions of magic {unknown}
 z - 4 potions of flight {unknown}
 D - 4 potions of might
 J - a potion of haste


   Skills:
 * Level 16.0 Fighting
 * Level 16.1 Axes
 + Level 11.5 Armour
 + Level 10.5 Dodging
 + Level 4.8 Evocations


You had 12 spell levels left.
You didn't know any spells.
Your spell library was empty.

Dungeon Overview and Level Annotations

Branches:
Dungeon (11/15)            Temple (1/1) D:5            Lair (5/6) D:8
  Swamp (0/4) Lair:2        Snake (0/4) Lair:3          Orc (0/2) D:9
Ossuary (visited)
  Slime: Lair:5-6

Altars:
Ashenzari
Cheibriados
Dithmenos
Elyvilon
Fedhas
Gozag
Hepliaklqana
Kikubaaqudgha
Makhleb
Nemelex Xobeh
Okawaru
Qazlal
Ru
Sif Muna
Trog
Uskayaw
Vehumet
Wu Jian
Xom
Yredelemnul
Zin
The Shining One

Shops:
D:2 (


Innate Abilities, Weirdness & Mutations

You have a pair of horns on your head.
You reflexively headbutt those who attack you in melee.


Message History

The 12-headed hydra misses you. The 12-headed hydra closely misses you.
The 12-headed hydra bites you but does no damage.
Unknown command.
You chop one of the 12-headed hydra's heads off!
The 11-headed hydra grows two more!
You hit the 13-headed hydra. You headbutt the 13-headed hydra!
The 13-headed hydra is almost dead.
Unknown command.
Unknown command.
You lop one of the 13-headed hydra's heads off!
The 12-headed hydra grows two more!
You slice the 14-headed hydra!!
The 14-headed hydra is almost dead.
The 14-headed hydra barely misses you.
The 14-headed hydra bites you but does no damage. x3
The 14-headed hydra bites you.
* * * LOW HITPOINT WARNING * * *
The 14-headed hydra completely misses you.
The 14-headed hydra misses you. The 14-headed hydra closely misses you.
The 14-headed hydra bites you but does no damage. x2
The 14-headed hydra barely misses you.
The 14-headed hydra bites you but does no damage.
The 14-headed hydra bites you.
* * * LOW HITPOINT WARNING * * *
The 14-headed hydra bites you but does no damage.
Unknown command.
Okay, then.
Okay, then.
Okay, then.
Your skin crawls.
You feel strong-willed. The 14-headed hydra bites you!
* * * LOW HITPOINT WARNING * * *
The 14-headed hydra misses you. The 14-headed hydra barely misses you.
The 14-headed hydra bites you!
* * * LOW HITPOINT WARNING * * *
The 14-headed hydra completely misses you.
The 14-headed hydra barely misses you. The 14-headed hydra misses you.
The 14-headed hydra bites you but does no damage. x2
The 14-headed hydra bites you!
You die...

## . ####P###. #.#.....#
##......## .........#
.#P...... # ####
#.#.......# ##P##..#
..##.....D# #.......
.........@## #P..#.#.
.PP.......#### #..P##..
.P.........#.# ##..##..
###......#.## #..##..
#......### #..###.
##..###.# ##..##..
###.?...### #P...##.
............##### ##......
#........#......###...#...


You could see a 14-headed hydra.

Vanquished Creatures
  A hydra (Lair:4)
  A death knight (D:11)
  3 two-headed ogres
  4 death yaks (Lair:5)
  2 tengu warriors
  Pikel (D:6)
  2 lindwurms (Lair:3)
  5 elephants (Lair:4)
  A black mamba (Lair:4)
  Joseph (D:7)
  Maurice (D:8)
  A gargoyle (D:10)
  12 cane toads
  A rime drake (Lair:5)
  3 komodo dragons
  4 polar bears
  2 trolls
  11 blink frogs
  Grinder (D:3)
  Sigmund (D:2)
  A wraith (D:9)
  A shadow (D:11)
  4 wyverns
  Eustachio (D:4)
  33 yaks
  3 basilisks
  A steam dragon (D:7)
  A naga (Lair:3)
  17 water moccasins
  Duvessa (D:7)
  A hornet zombie (D:7)
  8 orc warriors
  A sky beast (D:6)
  A black bear (D:5)
  A swamp drake (D:9)
  An ogre (D:5)
  45 wolves
  6 centaurs
  A lemure (D:6)
  A phantom (D:5)
  2 elf zombies (Ossuary)
  3 kobold brigands
  11 bullfrogs
  2 scorpions
  A gnoll sergeant (D:9)
  A water moccasin zombie (D:5)
  Dowan (D:7)
  3 killer bees (D:9)
  9 wights
  3 electric eels (D:8)
  5 howler monkeys
  A bullfrog zombie (D:6)
  6 centaur zombies
  5 hounds
  A human zombie (Ossuary)
  3 orc priests
  A jelly (D:6)
  Jessica (D:2)
  Natasha (thrice) (D:2)
  4 iguanas
  13 orc wizards
  3 hound zombies (Ossuary)
  3 mummies (Ossuary)
  Robin (D:2)
  A howler monkey zombie (D:9)
  4 gnolls (D:9)
  6 adders
  A white imp (D:6)
  2 ufetubi (D:7)
  A worm (D:4)
  31 orcs
  13 ball pythons
  7 bats
  5 endoplasms
  3 giant cockroaches
  3 gnoll zombies (Ossuary)
  18 goblins
  7 hobgoblins
  4 jackals (D:3)
  6 quokkas
  2 frilled lizards
  5 goblin zombies (Ossuary)
  3 hobgoblin zombies (Ossuary)
  3 jackal zombies (Ossuary)
  12 kobolds
  2 kobold zombies (Ossuary)
  5 quokka zombies (Ossuary)
  5 rats (D:3)
  4 rat zombies (Ossuary)
426 creatures vanquished.

Vanquished Creatures (others)
  A goblin (D:2)
  21 fungi
  37 plants
59 creatures vanquished.

Grand Total: 485 creatures vanquished

Notes
Turn   | Place    | Note
-------+----------+-------------------------------------------
     0 | D:1      | Zeld the Minotaur Berserker began the quest for the Orb.
     0 | D:1      | Reached XP level 1. HP: 19/19 MP: 0/0
   498 | D:1      | Reached XP level 2. HP: 10/27 MP: 1/1
  1139 | D:2      | Noticed Sigmund
  1150 | D:2      | Killed Sigmund
  1151 | D:2      | Reached skill level 5 in Fighting
  1151 | D:2      | Reached skill level 5 in Axes
  1151 | D:2      | Reached XP level 3. HP: 31/36 MP: 2/2
  1151 | D:2      | Reached XP level 4. HP: 37/42 MP: 3/3
  1151 | D:2      | Reached XP level 5. HP: 42/48 MP: 4/4
  1282 | D:2      | Found a faded altar of an unknown god.
  1487 | D:2      | Noticed Natasha
  1497 | D:2      | Killed Natasha
  1650 | D:2      | Noticed Robin
  1658 | D:2      | Reached ** piety under Trog
  1661 | D:2      | Killed Robin
  1678 | D:2      | Reached XP level 6. HP: 32/56 MP: 5/5
  1831 | D:2      | Found Vinafam's Antique Weapon Shop.
  1856 | D:2      | Noticed Natasha
  1856 | D:2      | Noticed Jessica
  1863 | D:2      | Killed Jessica
  1866 | D:2      | Killed Natasha
  1969 | D:2      | Noticed Natasha
  1979 | D:2      | Killed Natasha
  2849 | D:3      | Noticed Grinder
  2857 | D:3      | Paralysed by Grinder for 2 turns
  2860 | D:3      | Killed Grinder
  2861 | D:3      | Reached XP level 7. HP: 39/63 MP: 6/6
  3139 | D:3      | Found an ornate altar of the Wu Jian Council.
  3156 | D:3      | Reached *** piety under Trog
  4072 | D:4      | Noticed Eustachio
  4085 | D:4      | Killed Eustachio
  5487 | D:5      | Entered Level 5 of the Dungeon
  5528 | D:5      | Reached skill level 5 in Armour
  5531 | D:5      | Reached XP level 8. HP: 52/73 MP: 7/7
  5962 | D:5      | Found a sand-covered staircase.
  5971 | Ossuary  | Entered an ossuary
  6037 | Ossuary  | Reached **** piety under Trog
  6076 | Ossuary  | Reached skill level 5 in Dodging
  6902 | D:5      | Reached XP level 9. HP: 82/82 MP: 8/8
  7219 | D:5      | Found a staircase to the Ecumenical Temple.
  7356 | Temple   | Entered the Ecumenical Temple
  7926 | D:6      | Noticed Pikel
  7942 | D:6      | Killed Pikel
  8607 | D:6      | Found a sparkling altar of Nemelex Xobeh.
  8758 | D:6      | Reached ***** piety under Trog
  8923 | D:7      | Reached skill level 10 in Axes
  8941 | D:7      | Reached skill level 10 in Fighting
  9234 | D:7      | Identified the +8 chain mail of Zin's Favour {rN+ Regen+
                  | Int+4 SInv}
  9502 | D:7      | Noticed Dowan
  9503 | D:7      | Noticed Duvessa
  9520 | D:7      | Killed Duvessa
  9533 | D:7      | Killed Dowan
  9856 | D:7      | Identified the +5 scale mail of Duck's Teeth {Harm}
 10173 | D:8      | Reached XP level 10. HP: 94/94 MP: 9/9
 10196 | D:8      | Noticed Joseph
 10469 | D:7      | Killed Joseph
 10560 | D:8      | Found a staircase to the Lair.
 10828 | D:8      | Noticed Maurice
 10860 | D:8      | Killed Maurice
 11094 | D:8      | Found a bloodstained altar of Trog.
 11106 | D:8      | Found a basalt altar of Yredelemnul.
 11561 | D:9      | Noticed a two-headed ogre
 11570 | D:9      | Killed a two-headed ogre
 11897 | D:9      | Found a glowing silver altar of Zin.
 12275 | D:9      | Found a staircase to the Orcish Mines.
 12287 | D:9      | Received a gift from Trog
 12359 | D:10     | Entered Level 10 of the Dungeon
 12379 | D:10     | Found a shadowy altar of Dithmenos.
 12402 | D:10     | Noticed a two-headed ogre
 12424 | D:10     | Reached XP level 11. HP: 84/104 MP: 10/10
 12438 | D:10     | Killed a two-headed ogre
 12903 | D:10     | Noticed a two-headed ogre
 12922 | D:10     | Killed a two-headed ogre
 13184 | D:11     | Noticed a death knight
 13184 | D:11     | Noticed a phantasmal warrior
 13184 | D:11     | Noticed a phantasmal warrior
 13562 | D:11     | Noticed a tengu warrior
 13564 | D:11     | Noticed a tengu warrior
 13590 | D:10     | Killed a tengu warrior
 13732 | D:11     | Killed a tengu warrior
 13843 | D:11     | HP: 2/107 [death knight/+2 glaive of protection (14)]
 13848 | D:11     | Killed a death knight
 14118 | Lair:1   | Entered Level 1 of the Lair of Beasts
 15050 | Lair:1   | Reached skill level 1 in Evocations
 15160 | Lair:1   | Received a gift from Trog
 15161 | Lair:1   | Reached skill level 10 in Armour
 15161 | Lair:1   | Reached XP level 12. HP: 61/116 MP: 11/11
 16617 | Lair:2   | Found a staircase to the Swamp.
 17385 | Lair:3   | Found a staircase to the Snake Pit.
 17712 | Lair:3   | Reached skill level 15 in Axes
 18074 | Lair:3   | Identified the +7 battleaxe of Buistrew {antimagic, rC+
                  | rCorr} (Trog gifted it to you on level 3 of the Lair of
                  | Beasts)
 18074 | Lair:3   | Received a gift from Trog
 18291 | Lair:3   | Reached skill level 15 in Fighting
 18720 | Lair:4   | Reached skill level 10 in Dodging
 18729 | Lair:4   | Reached XP level 13. HP: 42/127 MP: 4/12
 20038 | Lair:5   | Received a gift from Trog
 20223 | Lair:5   | HP: 5/128 [14-headed hydra (11)]
 20223 | Lair:5   | Mangled by a 14-headed hydra

Illustrated notes

Levels and vault maps discovered:
D:1:      tarquinn_simple_flora_water_a, layout_rooms, minmay_liquid_box
D:2:      layout_basic, nicolae_ecumenical_snake_handling, serial_shops, shop,
          minivault_5, uniq_robin, uniq_natasha, uniq_sigmund, uniq_jessica
D:3:      cheibrodos_helix_gallery, layout_loops_ring,
          nicolae_wu_jian_wuxing_cycle, uniq_grinder
D:4:      layout_layer_cave, uniq_eustachio
D:5:      layout_basic, minmay_temple_entry_fiery,
          lightli_ossuary_entry_decrepit_ruins
D:6:      layout_basic, nemelex_xobeh_ov_fountains_minmay, uniq_pikel
D:7:      layout_gridville, minivault_10, uniq_duvessa
D:8:      layout_rooms, amethyst_overflow_temple_binary, erik_lair_island,
          uniq_joseph, uniq_maurice
D:9:      layout_roguey, mainiacjoe_overflow_six_doors_small, erik_orc_1
D:10:     layout_loops_cross, mainiacjoe_overflow_alcove_1,
          minmay_chambers_of_fives
D:11:     layout_small_grid, serial_shops, shop, uniq_nergalle
Temple:   nicolae_temple_elliptical
Lair:1:   layout_cave_pods, chequers_serial_rivers_large_b, minmay_holes
Lair:2:   layout_layer_cave, swamp_mist, serial_bayou_pond_e
Lair:3:   layout_gridlike, guppyfry_snake_entry_garden, nicolae_lair_lindhole,
          grunt_megastairs_3
Lair:4:   layout_roguey, grunt_forest_large_clearings
Lair:5:   layout_loops_ring, grunt_megastairs_2

Skill      XL: |  1  2  3  4  5  6  7  8  9 10 11 12 13 |
---------------+----------------------------------------+-----
Axes           | 5 6 7 9 10 12 14 15 16 | 16.1
Fighting       | 5 6 7 8 10 12 13 15 16 | 16.0
Armour         | 3 4 5 6 7 8 10 11 | 11.5
Dodging        | 3 4 5 6 7 9 10 | 10.5
Evocations     | 1 3 4 |  4.8

Action                   |  1- 3 |  4- 6 |  7- 9 | 10-12 | 13-15 || total
-------------------------+-------+-------+-------+-------+-------++-------
Melee: Hand axe          |    33 |    55 |       |       |    11 ||    99
       Headbutt          |     4 |    14 |   115 |   215 |    28 ||   376
       Whip              |       |    21 |   468 |   890 |       ||  1379
       Punch             |       |       |     5 |    11 |     1 ||    17
       Battleaxe         |       |       |       |    40 |   102 ||   142
       Broad axe         |       |       |       |       |    12 ||    12
Invok: Berserk           |     1 |     1 |     3 |     4 |       ||     9
       Trog's Hand       |       |       |       |     1 |     1 ||     2
Evoke: Wand              |       |       |       |     5 |       ||     5
  Use: Scroll            |       |       |       |    13 |     2 ||    15
       Potion            |       |       |       |     1 |       ||     1
 Stab: Sleeping          |       |       |     1 |       |       ||     1
Armor: Animal skin       |    11 |     8 |    18 |       |       ||    37
       Leather armour    |       |       |   126 |       |       ||   126
       Chain mail        |       |       |    41 |   607 |   119 ||   767
Dodge: Dodged            |    23 |    40 |   293 |   546 |   132 ||  1034
